 Dungeon Crawl Stone Soup version 0.21-a0-401-g0b6bec4 (webtiles) character file.

105 EnegeticOcto the Chopper (level 4, -3/41 HPs)
             Began as a Minotaur Berserker on Oct 21, 2017.
             Was a Believer of Trog.
             Slain by a gnoll
             ... wielding a +0 halberd
              (10 damage)
             ... on level 3 of the Dungeon.
             The game lasted 00:05:19 (1816 turns).

EnegeticOcto the Chopper (Minotaur Berserker)       Turns: 1816, Time: 00:05:19

Health: -3/41      AC:  6    Str: 21    XL:     4   Next: 54%
Magic:  3/3        EV: 11    Int:  4    God:    Trog [**....]
Gold:   208        SH:  0    Dex: 11    Spells: 3/3 levels left

rFire    . . .     SeeInvis .   a - +1 hand axe
rCold    . . .     Gourm    .   (no shield)
rNeg     . . .     Faith    +   k - +0 ring mail
rPois    .         Spirit   .   (helmet restricted)
rElec    .         Reflect  .   l - +0 cloak
rCorr    .         Harm     .   (no gloves)
MR       .....                  (no boots)
Stlth    ++........             b - amulet of faith
HPRegen  0.13/turn              h - ring of stealth
MPRegen  0.08/turn              (no ring)

@: berserk cooldown, slowed, very slow
A: retaliatory headbutt, horns 2
a: Berserk, Trog's Hand, Burn Spellbooks, Renounce Religion


You were on level 3 of the Dungeon.
You worshipped Trog.
Trog was pleased with you.
You were hungry.

You visited 1 branch of the dungeon, and saw 3 of its levels.

You collected 208 gold pieces.

Inventory:

Hand Weapons
 a - a +1 hand axe (weapon)
Armour
 k - a +0 ring mail (worn)
 l - a +0 cloak (worn)
Jewellery
 b - an amulet of faith (around neck)
 h - a ring of stealth (left hand)
Scrolls
 e - 3 scrolls of enchant armour
 j - 3 scrolls of teleportation
 q - a scroll of amnesia {unknown}
 s - a scroll of immolation {unknown}
Potions
 d - a potion of flight {unknown}
 f - a potion of curing {unknown}
 i - 2 potions of lignification {unknown}
 m - 2 potions of heal wounds {unknown}
 o - a potion of resistance {unknown}
Comestibles
 c - 3 bread rations
 n - a meat ration


   Skills:
 + Level 4.5 Fighting
 * Level 5.3 Axes
 + Level 3.5 Armour
 - Level 2.1 Dodging


You had 3 spell levels left.
You didn't know any spells.

Dungeon Overview and Level Annotations

Branches:
Dungeon (3/15)

Altars:
Elyvilon


Innate Abilities, Weirdness & Mutations

You reflexively headbutt those who attack you in melee.
You have a pair of horns on your head.


Message History

The bat hits you but does no damage. The gnoll closely misses you.
You furiously retaliate!
You headbutt the gnoll. The bat closely misses you.
The gnoll hits you with a whip. The gnoll barely misses you. x2
The gnoll hits you with a whip!
* * * LOW HITPOINT WARNING * * *
You hit the gnoll.
The gnoll is heavily wounded.
You closely miss the gnoll. You miss the bat. You closely miss the gnoll.
The bat hits you but does no damage. The gnoll barely misses you.
You furiously retaliate!
You headbutt the gnoll!
You kill the gnoll!
Trog accepts your kill. The gnoll hits you with a whip.
* * * LOW HITPOINT WARNING * * *
The gnoll barely misses you.
You hit the gnoll.
The gnoll is severely wounded.
You hit the gnoll. The bat hits you but does no damage.
The gnoll barely misses you. The gnoll hits you with a halberd!
You die...

*,,,,,,,,,,,**,,,,,
#.....,,,,,,,,,,,,,
#....#**,,,,,,,,,**
#....# *,,,...,,,,,
#....# *,,.....####
#....# #.......#...
#....###...........
#.g).b.#...........
#g@.♣PP............
#..♣♣♣♣............
#...♣.P........#...
##..P....##..###...
#..PP##>......'†..
#...###.##..###...
#...###+##..###...
#...##....<.......
#...##............


You could see 2 gnolls and a bat.

Vanquished Creatures
  2 gnolls (D:3)
  2 adders
  2 worms
  3 dart slugs
  4 leopard geckos
  An orc (D:2)
  A giant cockroach (D:2)
  7 goblins
  9 hobgoblins
  A ball python (D:3)
  8 bats
  4 frilled lizards
  3 kobolds
  4 rats
51 creatures vanquished.

Notes
Turn   | Place    | Note
-------+----------+-------------------------------------------
     0 | D:1      | EnegeticOcto the Minotaur Berserker began the quest for the Orb.
     0 | D:1      | Reached XP level 1. HP: 19/19 MP: 0/0
   306 | D:1      | Reached skill level 4 in Axes
   306 | D:1      | Reached XP level 2. HP: 27/27 MP: 1/1
   710 | D:1      | Reached ** piety under Trog
   777 | D:1      | Reached XP level 3. HP: 33/33 MP: 2/2
  1542 | D:3      | Reached skill level 5 in Axes
  1542 | D:3      | Reached XP level 4. HP: 39/41 MP: 3/3
  1771 | D:3      | Found a white marble altar of Elyvilon.
  1816 | D:3      | Slain by a gnoll

Vault maps used:
D:1:      dpeg_arrival_shelter
D:2:      first_bread
D:3:      elyvilon_altar_4, serial_forest, infiniplex_forest_lined_room_2,
          infiniplex_forest_zigzag_2, infiniplex_forest_end_double,
          infiniplex_forest_clump_small, infiniplex_forest_clump_small,
          infiniplex_forest_straight_4, infiniplex_forest_end_3

Skill      XL: |  1  2  3 |
---------------+----------+-----
Axes           | 4 5 |  5.3
Fighting       | 4 |  4.5
Armour         | 3 |  3.5
Dodging        | |  2.1

Action                   |  1- 3 |  4- 6 || total
-------------------------+-------+-------++-------
Melee: Hand axe          |    79 |    19 ||    98
       Headbutt          |     8 |     3 ||    11
Invok: Berserk           |       |     1 ||     1
  Use: Scroll            |     6 |     2 ||     8
  Eat: Chunk             |     2 |     1 ||     3
Armor: Animal skin       |    19 |       ||    19
       Ring mail         |       |     9 ||     9
Dodge: Dodged            |    51 |    25 ||    76

Table legend:
 A = Spawn XP
 B = Non-spawn XP
 C = Spawn XP percentage of total XP
 D = Spawn monster count
 E = Non-spawn monster count
 F = Spawn count percentage of total count
 G = Total turns spent on level
                    A         B        C        D         E        F      G
               +---------+---------+-------+---------+---------+-------+---------
         Total |       0 |     151 |   0.0 |       0 |      51 |   0.0 |  1816
               +---------+---------+-------+---------+---------+-------+---------
           D:1 |       0 |      42 |   0.0 |       0 |      22 |   0.0 |   797
           D:2 |       0 |      44 |   0.0 |       0 |      16 |   0.0 |   729
           D:3 |       0 |      65 |   0.0 |       0 |      13 |   0.0 |   290
               +---------+---------+-------+---------+---------+-------+---------
